 Dungeon Crawl Stone Soup version 0.20.1-1-g8b1a95d (webtiles) character file.

179 Jannitor the Skirmisher (level 5, -3/35 HPs)
             Began as a Gargoyle Chaos Knight on Sept 14, 2017.
             Slain by an ogre
             ... wielding a +0 giant spiked club
              (17 damage)
             ... on level 4 of the Dungeon.
             The game lasted 00:03:57 (2643 turns).

Jannitor the Skirmisher (Gargoyle Chaos Knight)     Turns: 2643, Time: 00:03:57

Health: -3/35      AC: 11    Str: 16    XL:     5   Next: 59%
Magic:  5/5        EV: 11    Int: 13    God:    Xom [....*.]
Gold:   115        SH:  0    Dex:  9    Spells: 3/4 levels left

rFire    . . .     SeeInvis .   a - +0 mace (chaos)
rCold    . . .     Gourm    .   (no shield)
rNeg     + . .     Faith    .   b - +2 leather armour
rPois    ∞         Spirit   .   (no helmet)
rElec    +         Reflect  .   (no cloak)
rCorr    .         Harm     .   (no gloves)
MR       .....                  p - +1 pair of boots
Stlth    +++.......             (no amulet)
Regen    0.2/turn               (no ring)
MPRegen  0.1/turn               (no ring)

@: especially stealthy
A: negative energy resistance 1, electricity resistance, unbreathing,
petrification resistance, rot immunity, AC +4
a: Renounce Religion


You were on level 4 of the Dungeon.
You worshipped Xom.
You were a beloved toy of Xom.
You were hungry.

You visited 1 branch of the dungeon, and saw 4 of its levels.

You collected 115 gold pieces.

Inventory:

Hand Weapons
 a - a +0 mace of chaos (weapon)
Armour
 b - a +2 leather armour (worn)
 p - a +1 pair of boots (worn)
Wands
 o - a wand of digging (16/24)
Scrolls
 e - 3 scrolls of immolation {unknown}
 f - 3 scrolls of enchant weapon {unknown}
 g - 2 scrolls of fear {unknown}
 h - 3 scrolls of identify {unknown}
 j - a scroll of blinking {unknown}
 k - 3 scrolls of remove curse {unknown}
 l - 2 scrolls of amnesia {unknown}
 m - a scroll of random uselessness {unknown}
 q - 3 scrolls of enchant armour {unknown}
Potions
 d - a potion of agility
 n - a potion of curing {unknown}
Books
 i - a book of Party Tricks

   Spells                             Type                      Level
   a - Summon Butterflies             Summoning                    1
   b - Apportation                    Translocation                1
   c - Lesser Beckoning               Translocation                3
   d - Tukima's Dance                 Hexes                        3
   e - Alistair's Intoxication        Transmutation/Poison         5
   f - Invisibility                   Hexes                        6
Comestibles
 c - 5 bread rations


   Skills:
 + Level 5.2 Fighting
 + Level 4.7 Maces & Flails
 - Level 2.1 Armour
 - Level 0.7 Dodging


You had 3 spell levels left.
You knew the following spells:

 Your Spells              Type           Power        Failure   Level  Hunger
a - Apportation           Tloc           #.....       36%         1    ##.....


Dungeon Overview and Level Annotations

Branches:
Dungeon (4/15)
 Temple: D:4-7

Altars:
Cheibriados
Ru


Innate Abilities, Weirdness & Mutations

You are resistant to torment.
Your stone body is resilient. (AC +4)
You are immune to poison.
You resist negative energy. (rN+)
You are resistant to electric shocks. (rElec)
You can survive without breathing.
You are immune to petrification.
You are immune to rotting.


Message History

The helpless ogre fails to defend itself.
You hit the ogre. You freeze the ogre.
The ogre is heavily wounded.
The helpless ogre fails to defend itself.
You hit the ogre.
The ogre is poisoned.
The ogre is severely wounded.
The ogre is no longer paralysed.
The ogre barely misses you.
You barely miss the ogre.
The ogre is severely wounded.
The ogre barely misses you.
You hit the ogre but do no damage.
The ogre seems to speed up.
The ogre is severely wounded.
The ogre hits you with a giant spiked club!!
Ouch! That really hurt!
You are too injured to fight recklessly!
You are too injured to fight recklessly!
You hit the ogre. You burn the ogre.
The ogre is almost dead.
The ogre hits you with a giant spiked club!
You die...

.# .# .. .# #
#. .## .#...#
##.....##
#@......#
#..O.......#
#..........#
#...........
#...........
............
.............
..##..........


You could see an ogre.

Vanquished Creatures
  The ghost of Teleutos the Slasher, an amateur HuBe of Trog (D:3)
  2 adders (D:2)
  An ooze (D:1)
  3 worms
  3 dart slugs
  2 orcs (D:3)
  A ball python (D:1)
  9 bats
  8 goblins
  7 hobgoblins
  2 jackals (D:2)
  9 kobolds
  A quokka (D:2)
  4 frilled lizards
  2 rats
55 creatures vanquished.

Notes
Turn   | Place    | Note
-------+----------+-------------------------------------------
     0 | D:1      | Jannitor the Gargoyle Chaos Knight began the quest for the Orb.
     0 | D:1      | Reached XP level 1. HP: 14/14 MP: 1/1
   185 | D:1      | Reached XP level 2. HP: 18/19 MP: 2/2
   335 | D:1      | XOM: cloud trail
   594 | D:1      | XOM is BORED!
   594 | D:1      | XOM: noise
   599 | D:1      | XOM: harmless Fire miscast
   704 | D:1      | Reached skill level 4 in Fighting
   704 | D:1      | Reached XP level 3. HP: 24/24 MP: 3/3
  1062 | D:2      | Found a sacrificial altar of Ru.
  1090 | D:2      | XOM: harmless Air miscast
  1388 | D:2      | Reached XP level 4. HP: 30/30 MP: 4/4
  1704 | D:2      | XOM: medium Chrm miscast
  1783 | D:3      | Noticed Teleutos's ghost (amateur HuBe)
  1866 | D:3      | XOM: harmless Necr miscast
  2012 | D:3      | XOM: harmless Ice miscast
  2022 | D:3      | XOM: divination: magic mapping
  2031 | D:3      | Killed Teleutos's ghost
  2031 | D:3      | Reached skill level 5 in Fighting
  2031 | D:3      | Reached XP level 5. HP: 27/35 MP: 5/5
  2346 | D:3      | Found a snail-covered altar of Cheibriados.
  2380 | D:3      | XOM: god gift: book of Party Tricks
  2384 | D:3      | Learned a level 1 spell: Apportation
  2454 | D:3      | XOM: cloud trail
  2636 | D:4      | XOM: stealth player
  2636 | D:4      | Noticed an ogre
  2643 | D:4      | Slain by an ogre

Skill      XL: |  1  2  3  4 |
---------------+-------------+-----
Fighting       | 4 5 |  5.2
Maces & Flails | 4 |  4.7
Armour         | |  2.1
Dodging        | |  0.7

Action                   |  1- 3 |  4- 6 || total
-------------------------+-------+-------++-------
Melee: Mace              |    90 |    94 ||   184
  Use: Potion            |       |     4 ||     4
 Stab: Petrified         |     1 |       ||     1
       Paralysed         |       |     3 ||     3
       Sleeping          |       |     1 ||     1
  Eat: Chunk             |     1 |     4 ||     5
Armor: Leather armour    |    63 |    39 ||   102
Dodge: Dodged            |    62 |    55 ||   117
